 Dungeon Crawl Stone Soup version 0.31-a0-182-gc5ef74bbde (webtiles) character file.

Game seed: 3306215359129817629

57 qw the Chopper (level 4, -2/28 HPs)
             Began as a Gargoyle Fighter on June 20, 2023.
             Killed by divine providence
             ... invoked by an orc priest
              (9 damage)
             ... on level 3 of the Dungeon.
             The game lasted 00:00:53 (1730 turns).

qw the Chopper (Gargoyle Fighter)                   Turns: 1730, Time: 00:00:54

Health: -2/28      AC: 13    Str: 22    XL:     4   Next: 0%
Magic:  4/4        EV:  9    Int:  8    God:
Gold:   147        SH:  4    Dex:  9    Spells: 3/3 levels left

rFire   . . .        Y - +0 war axe
rCold   . . .        c - +0 buckler
rNeg    + . .        b - +0 scale mail
rPois   inf          (no helmet)
rElec   +            i - +1 cloak
rCorr   .            j - +0 pair of gloves
SInv    .            (no boots)
Will    .....        (no amulet) Stlth
                     (no ring)
HPRegen 0.24/turn    (no ring)
MPRegen 0.09/turn

%: no passive effects
@: weak-willed
A: sickness immunity, AC +3, negative energy resistance 1, electricity
resistance, torment resistance 1, petrification resistance
a: no special abilities


You were on level 3 of the Dungeon.
You visited 1 branch of the dungeon, and saw 3 of its levels.

You collected 147 gold pieces.


Innate Abilities, Weirdness & Mutations

You are immune to sickness and miasma.
Your stone body is resilient. (AC +3)
You are immune to poison.
You resist negative energy. (rN+)
You are resistant to electric shocks. (rElec)
You are resistant to unholy torment.
You are immune to petrification.


   Skills:
 - Level 3.2 Fighting
 + Level 3.7 Axes
 - Level 3.2 Armour
 - Level 3.2 Shields


You had 3 spell levels left.
You didn't know any spells.
Your spell library was empty.

Inventory:

Hand Weapons
 e - a +0 club
 Y - a +0 war axe (weapon)
Armour
 b - a +0 scale mail (worn)
 c - a +0 buckler (worn)
 i - a +1 cloak (worn)
 j - a +0 pair of gloves (worn)
Potions
 a - a potion of curing {unknown}
 d - 3 potions of might
 g - a potion of heal wounds {unknown}
 k - a potion of brilliance {unknown}

Dungeon Overview and Level Annotations

Branches:
Dungeon (3/15)

Altars:


Message History

You closely miss the orc wizard.
The orc wizard is heavily wounded.
The kobold shouts!
You hear a shout!
The orc priest calls upon Beogh to heal the orc wizard.
The orc wizard is healed somewhat.
The orc wizard gestures at you while chanting.
You are confused.
The orc wizard hits you but does no damage.
The dart slug launches a dart at you. The slug dart hits you.
The orc priest mumbles some strange prayers to Beogh against you.
Beogh smites you!
The orc wizard hits you but does no damage.
The dart slug launches a dart at you. The slug dart hits you.
A rat comes into view.
The orc wizard hits you but does no damage.
The orc wizard hits you but does no damage.
You feel less confused.
The orc wizard hits you but does no damage.
The orc priest calls upon Beogh to heal the orc wizard.
The orc wizard's wounds heal themselves!
The dart slug launches a dart at you. The slug dart hits you.
You hit the orc wizard.
The orc wizard is heavily wounded.
You closely miss the kobold. You hit the dart slug.
The orc wizard points at you and mumbles some strange words.
The magic dart hits you but does no damage.
The kobold hits you but does no damage.
The dart slug bites you but does no damage.
You closely miss the orc wizard.
The orc wizard is heavily wounded.
You hit the dart slug. You hit the kobold.
You kill the kobold!
The orc wizard hits you but does no damage.
The orc wizard misses you.
The orc priest calls down the wrath of Beogh upon you.
Beogh smites you!
You die... #. .# #.. .# ?. .# #. .. .# ... .##.# .... ooo

...# #o###....#.
...####@#<.......
....[.w).........
....###.#r#....##
.# ...#....#...
...........###
#............#
####.#.##.#....
#.#.# .#....
#.#.. .. ..:


You could see 2 orc priests, an orc wizard, a dart slug, an orc and a rat.

Vanquished Creatures
  An adder (D:2)
  A worm (D:2)
  A dart slug (D:2)
  An orc (D:3)
  4 ball pythons
  4 endoplasms
  3 giant cockroaches
  4 goblins
  6 hobgoblins
  4 kobolds
  A quokka (D:1)
  3 bats
  3 frilled lizards
  4 rats
40 creatures vanquished.

Notes
Turn   | Place    | Note
-------+----------+-------------------------------------------
     0 | D:1      | qw the Gargoyle Fighter began the quest for the Orb.
     0 | D:1      | Reached XP level 1. HP: 14/14 MP: 1/1
     0 | D:1      | 0 ||| qw: Version: 0.3-a-9-g12657ce
     0 | D:1      | 0 ||| qw: Game counter: 1509
     0 | D:1      | 0 ||| qw: Always use a shield: true
     0 | D:1      | 0 ||| qw: God list: Okawaru
     0 | D:1      | 0 ||| qw: Allow faded altars: false
     0 | D:1      | 0 ||| qw: Do Orc after D:15 true
     0 | D:1      | 0 ||| qw: Do second Lair branch before Depths: true
     0 | D:1      | 0 ||| qw: Lair rune preference: random
     0 | D:1      | 0 ||| qw: Plans: Normal, Zot:1-4, Slime:5, God:TSO, Crypt,
                  | Tomb, Abyss, Pan, Hells, Win
     0 | D:1      | 0 ||| PLANNING D:1-11
   171 | D:1      | Reached XP level 2. HP: 19/19 MP: 2/2
   645 | D:1      | 645 ||| DROPPING orb of mayhem.
   646 | D:1      | 646 ||| UPGRADING to +1 cloak.
   651 | D:1      | 651 ||| UPGRADING to +0 pair of gloves.
   656 | D:1      | 656 ||| READING scroll labelled OJESOGH ITAKER.
   657 | D:1      | 657 ||| DRINKING 2 smoky inky potions.
   658 | D:1      | 658 ||| DROPPING potion of invisibility.
   676 | D:2      | Reached skill level 3 in Axes
   719 | D:2      | Reached XP level 3. HP: 23/23 MP: 3/3
   782 | D:2      | Found a faded altar of an unknown god.
   904 | D:2      | 904 ||| Stepping ~*~*~tactically~*~*~ (hiding).
  1080 | D:2      | 1080 ||| Stepping ~*~*~tactically~*~*~ (stealth).
  1082 | D:2      | 1082 ||| Stepping ~*~*~tactically~*~*~ (stealth).
  1351 | D:2      | 1351 ||| Stepping ~*~*~tactically~*~*~ (stealth).
  1688 | D:2      | 1688 ||| READING scroll labelled MAOSKE PIREF.
  1689 | D:2      | 1689 ||| READING scroll labelled NAWONLAUPP UNAM.
  1690 | D:2      | 1690 ||| READING 2 scrolls labelled ROWUEH LOUS.
  1691 | D:2      | 1691 ||| READING scroll labelled ODEWKU BAYLUY.
  1692 | D:2      | 1692 ||| DROPPING scroll of revelation.
  1722 | D:3      | Reached XP level 4. HP: 28/28 MP: 4/4
  1728 | D:3      | HP: 6/28 [dart slug/slug dart (2)]
  1730 | D:3      | Killed from afar by an orc priest

Levels and vault maps discovered:
D:1:      minmay_arrival_wavy_path, layout_basic, corexii_leaking_fountain
D:2:      layout_basic, hellmonk_ecumenical_altar_lost_god
D:3:      layout_basic, serial_bayou_pond_b, uniq_ijyb

Skill      XL: |  1  2 |
---------------+-------+-----
Axes           | 2 3 |  3.7
Fighting       | |  3.2
Armour         | |  3.2
Shields        | |  3.2

Action                     |  1- 3 |  4- 6 || total
---------------------------+-------+-------++-------
  Melee: War axe           |   129 |     4 ||   133
    Use: Scroll            |     5 |       ||     5
         Potion            |     1 |       ||     1
 Armour: Scale mail        |    68 |    10 ||    78
  Dodge: Dodged            |    61 |     1 ||    62
  Block: Buckler           |    21 |       ||    21

Table legend:
 A = Non-vault XP
 B = Vault XP
 C = Vault XP percentage of total XP
 D = Non-vault monster count
 E = Vault monster count
 F = Vault count percentage of total count
                 A         B        C        D         E       F
            +---------+---------+-------+---------+---------+-------
      Total |      83 |       0 |   0.0 |      40 |       0 |   0.0
            +---------+---------+-------+---------+---------+-------
        D:1 |      29 |       0 |   0.0 |      18 |       0 |   0.0
        D:2 |      50 |       0 |   0.0 |      20 |       0 |   0.0
        D:3 |       4 |       0 |   0.0 |       2 |       0 |   0.0
            +---------+---------+-------+---------+---------+-------
